 Dungeon Crawl Stone Soup version 0.31-a0-986-g5e6e4ef867 (webtiles) character file.

Game seed: 11216757828424420296

4 dialectric the Sneak (level 1, 0/11 HPs)
             Began as a Spriggan Delver on Nov 5, 2023.
             Slain by a white imp (4 damage)
             ... summoned by Eustachio
             ... on level 5 of the Dungeon.
             The game lasted 00:01:40 (473 turns).

dialectric the Sneak (Spriggan Delver)               Turns: 473, Time: 00:01:41

Health: 0/11       AC:  2    Str:  8    XL:     1   Next: 50%
Magic:  2/2        EV: 17    Int: 11    God:
Gold:   11         SH:  0    Dex: 16    Spells: 0/0 levels left

rFire   . . .        a - +0 short sword
rCold   . . .        (no shield)
rNeg    + . .        b - +0 robe
rPois   .            (helmet restricted)
rElec   .            (no cloak)
rCorr   .            (gloves unavailable)
SInv    +            (boots unavailable)
Will    .....        e - amulet of regeneration
Stlth   ++++         h - ring of positive energy
HPRegen 1.01/turn    (no ring)
MPRegen 0.08/turn

%: no passive effects
@: very quick
A: very small, no large weapons, unfitting armour, see invisible, speed 3
a: no special abilities


You were on level 5 of the Dungeon.
You visited 1 branch of the dungeon, and saw 2 of its levels.

You collected 11 gold pieces.

Inventory:

Hand Weapons
 a - a +0 short sword (weapon)
Armour
 b - a +0 robe (worn)
Jewellery
 e - an amulet of regeneration (around neck)
 h - a ring of positive energy (left hand)
Wands
 g - a wand of digging (3)
Scrolls
 c - a scroll of fog
 d - a scroll of revelation
Potions
 f - a potion of haste


   Skills:
 + Level 2.4 Fighting
 + Level 2.2 Short Blades
 + Level 2.7 Dodging
 + Level 7.4 Stealth


You couldn't memorise any spells.
You didn't know any spells.
Your spell library was empty.

Dungeon Overview and Level Annotations

Branches:
Dungeon (6/15)
 Temple: D:4-7

Altars:
Hepliaklqana

Annotations:
D:5 2 transporters, Eustachio; croobank's ghost, amateur DgDe


Innate Abilities, Weirdness & Mutations

You are very small and have problems with some larger weapons.
You are too small for most types of armour.
You have supernaturally acute eyesight. (SInv)
You cover ground extremely quickly. (Speed+++)


Message History

e - an amulet of regeneration (around neck) Unknown command.
Found a club.
Found a gold wand.
You see here a +0 club.
An adder comes into view.
An ice beast comes into view.
A hound comes into view.
You see here a +0 club.
Okay, then.
The adder completely misses you.
You see here a +0 club.
You closely miss the adder. The adder misses you.
You miss the adder. The adder bites you. The adder closely misses you.
You miss the adder. The adder bites you.
Eustachio mumbles some strange words.
Eustachio blinks!
You hit the adder but do no damage. The adder closely misses you.
Eustachio yells, "Perjured traitor, DIE!"
You barely miss the adder. The adder closely misses you.
Eustachio gestures wildly while chanting.
The adder attacks as it pursues you! The adder bites you.
You are poisoned.
The adder poisons you!
You feel sick.
You feel sick.
Eustachio casts a spell.
You feel sick.
You feel sick.
You feel sick.
You feel sick.
You feel sick.
You are no longer poisoned.
The crimson imp blinks!
The white imp gestures at you. The puff of frost hits you!
Ouch! That really hurt!
The adder attacks as it pursues you! The adder misses you.
The white imp hits you.
You die...

#########
####.......#######
.................#
###.....##.#.@##S#
#......#.#..##@#
##....##.#S@##5####
#.#.###.#........#
#.#.###.#.###.##5#
#.......#.# #5##.#
###+#####.###.##.#
##...## #.....##.#
##.....##########@#
##.......## ##. #5#


You could see a crimson imp (summoned), an adder and a white imp (summoned).

Vanquished Creatures
  2 orcs (D:5)
2 creatures vanquished.

Notes
Turn   | Place    | Note
-------+----------+-------------------------------------------
     0 | D:5      | dialectric the Spriggan Delver began the quest for the Orb.
     0 | D:5      | Reached XP level 1. HP: 11/11 MP: 2/2
    43 | D:5      | Noticed an orc warrior
    43 | D:5      | Noticed an orc wizard
   163 | D:5      | Noticed a hound
   182 | D:6      | Found a hazy altar of Hepliaklqana.
   235 | D:5      | Found a transporter.
   236 | D:5      | Found a transporter.
   236 | D:5      | Noticed croobank's ghost (amateur DgDe)
   241 | D:5      | Identified the +1 giant club "Grum" {flame, rElec Will+
                  | MP-9 Int+3}
   241 | D:5      | Noticed an ogre
   304 | D:5      | Noticed an iguana
   316 | D:5      | Noticed an iguana
   326 | D:5      | Noticed Eustachio
   327 | D:5      | Noticed an orc priest
   382 | D:5      | Noticed an ice beast
   383 | D:5      | Noticed a hound
   445 | D:5      | Noticed a crimson imp
   445 | D:5      | Noticed a quasit
   473 | D:5      | Slain by a white imp

Illustrated notes

Levels and vault maps discovered:
D:5:      layout_loops_corners, gammafunk_ghost_smash, uniq_eustachio
D:6:      layout_rooms, overflow_temple_1_default, minmay_misc_feat_rugged,
          st_stairs_10, billiards_dpeg, uniq_duvessa, uniq_menkaure

Action                     || total
---------------------------++-------
  Melee: Short sword       ||    17
    Use: Scroll            ||     1
 Armour: Robe              ||    10
  Dodge: Dodged            ||    17

Table legend: (Time is in decaauts)
 A = Elapsed time spent in this place.
 B = Non-inter-level travel time spent in this place.
 C = Inter-level travel time spent in this place.
 D = Time resting spent in this place.
 E = Time spent auto-exploring this place.
 F = Levels seen in this place.
 G = Mean time per level.
                   A        B        C        D        E       F      G
               +--------+--------+--------+--------+--------+-----+--------+
         Total |    298 |    298 |      0 |      0 |     58 |   2 |  149.0 |
       Dungeon |    298 |    298 |      0 |      0 |     58 |   2 |  149.0 |
               +--------+--------+--------+--------+--------+-----+--------+

Top non-repeatable levels by time:
     D:5: 295 daAuts
     D:6: 3 daAuts
